 Dungeon Crawl Stone Soup version 0.21-a0-507-ga8f6b7a (webtiles) character file.

129 tof the Twirler (level 4, -7/34 HPs)
             Began as a Demonspawn Gladiator on Nov 27, 2017.
             Killed from afar by an orc wizard (10 damage)
             ... with a magic dart
             ... on level 3 of the Dungeon.
             The game lasted 00:02:52 (2500 turns).

tof the Twirler (Demonspawn Gladiator)              Turns: 2500, Time: 00:02:53

Health: -7/34      AC:  4    Str: 20    XL:     4   Next: 88%
Magic:  4/4        EV: 13    Int:  9    God:
Gold:   63         SH:  0    Dex: 15    Spells: 3/3 levels left

rFire    . . .     SeeInvis +   a - +0 quarterstaff
rCold    . . .     Gourm    .   (shield currently unavailable)
rNeg     . . .     Faith    .   b - +0 leather armour
rPois    .         Spirit   .   c - +0 helmet
rElec    .         Reflect  .   (no cloak)
rCorr    .         Harm     .   (no gloves)
MR       .....                  (no boots)
Stlth    +.........             (no amulet)
HPRegen  0.11/turn              e - ring of wizardry
MPRegen  0.09/turn              g - ring of see invisible

@: confused, mighty
A: claws 1, powered by pain 1
a: no special abilities


You were on level 3 of the Dungeon.
You were not hungry.

You visited 1 branch of the dungeon, and saw 3 of its levels.

You collected 63 gold pieces.

Inventory:

Hand Weapons
 a - a +0 quarterstaff (weapon)
Missiles
 d - 3 throwing nets (quivered)
Armour
 b - a +0 leather armour (worn)
 c - a +0 helmet (worn)
Jewellery
 e - a ring of wizardry (left claw)
 g - a ring of see invisible (right claw)
 p - an uncursed ring of protection from fire {unknown}
Scrolls
 i - 2 scrolls of teleportation {unknown}
 j - 2 scrolls of identify {unknown}
 k - a scroll of amnesia {unknown}
 o - a scroll of random uselessness {unknown}
 q - 2 scrolls of remove curse {unknown}
Potions
 h - a potion of berserk rage {unknown}
 l - 2 potions of magic {unknown}
 m - a potion of curing {unknown}
Comestibles
 f - 2 bread rations
 n - 2 chunks of flesh
 r - 3 meat rations


   Skills:
 + Level 2.9 Fighting
 * Level 3.9 Staves
 + Level 2.5 Throwing
 + Level 3.2 Dodging


You had 3 spell levels left.
You didn't know any spells.

Dungeon Overview and Level Annotations

Branches:
Dungeon (3/15)

Altars:
Xom


Innate Abilities, Weirdness & Mutations

You have sharp fingernails.
You sometimes gain a little power by taking damage.


Message History

You feel less confused.
The orc wizard gestures at you while chanting.
You are confused.
The orc wizard hits you but does no damage.
You miss the orc wizard.
The orc wizard is severely wounded.
The orc wizard points at you and mumbles some strange words.
You resist with some effort.
You bump into the rock wall.
The orc wizard misses you.
You bump into the rock wall.
The orc wizard points at you and mumbles some strange words.
The puff of flame hits you!
* * * LOW HITPOINT WARNING * * *
You focus on the pain.
You feel very mighty all of a sudden.
You closely miss the orc wizard.
The orc wizard is severely wounded.
The orc wizard casts a spell at you. The magic dart hits you!
You die...

#......# # #.#
#....#.# #. #.#
###+### .......#
#.###.# .....
#.#...#.####._.###
#.###.#.##...o.o.#
#......<# #'##
#.###.### #..#
#.#...########.#
#.#..#.@oooo...#
###.#..#.#########
#..รท...#.#
#>#....#.#
#.###....#
#....##### ####.#
..# ##


You could see an orc wizard (invisible) and 3 orcs.

Vanquished Creatures
  Jessica (D:2)
  Robin (D:2)
  An adder (D:2)
  An ooze (D:2)
  A leopard gecko (D:1)
  An orc (D:3)
  5 bats
  2 giant cockroaches (D:1)
  13 goblins
  14 hobgoblins
  4 jackals (D:2)
  5 kobolds
  A quokka (D:2)
  23 rats
73 creatures vanquished.

Notes
Turn   | Place    | Note
-------+----------+-------------------------------------------
     0 | D:1      | tof the Demonspawn Gladiator began the quest for the Orb.
     0 | D:1      | Reached XP level 1. HP: 16/16 MP: 1/1
   177 | D:1      | Gained mutation: You have sharp fingernails. [demonic ancestry]
   177 | D:1      | Reached XP level 2. HP: 21/22 MP: 2/2
   917 | D:1      | Reached XP level 3. HP: 28/28 MP: 3/3
  1083 | D:2      | Noticed Jessica
  1090 | D:2      | Killed Jessica
  1185 | D:2      | Gained mutation: You sometimes gain a little power by taking damage. [demonic ancestry]
  1185 | D:2      | Reached XP level 4. HP: 22/34 MP: 4/4
  1193 | D:2      | Noticed Robin
  1562 | D:2      | Killed Robin
  2465 | D:3      | Found a shimmering altar of Xom.
  2500 | D:3      | Killed from afar by an orc wizard

Vault maps used:
D:1:      scummos_arrival_star, minmay_quantized
D:2:      minmay_rat_hole, uniq_robin, uniq_jessica
D:3:      led_xom_imps, overflow_temple_1_default, overflow_temple_1_default,
          chequers_ecumenical_altar_simple, first_bread,
          hangedman_decor_peaks_small

Skill      XL: |  1  2 |
---------------+-------+-----
Staves         | 3 |  3.9
Throwing       | 2 |  2.5
Dodging        | 3 |  3.2
Fighting       | |  2.9

Action                   |  1- 3 |  4- 6 || total
-------------------------+-------+-------++-------
Melee: Quarterstaff      |    71 |   148 ||   219
 Stab: Sleeping          |       |     1 ||     1
  Eat: Chunk             |     1 |     4 ||     5
Armor: Leather armour    |    14 |    49 ||    63
Dodge: Dodged            |    40 |   116 ||   156

Table legend:
 A = Spawn XP
 B = Non-spawn XP
 C = Spawn XP percentage of total XP
 D = Spawn monster count
 E = Non-spawn monster count
 F = Spawn count percentage of total count
 G = Total turns spent on level
                    A         B        C        D         E        F      G
               +---------+---------+-------+---------+---------+-------+---------
         Total |       0 |     185 |   0.0 |       0 |      73 |   0.0 |  2500
               +---------+---------+-------+---------+---------+-------+---------
           D:1 |       0 |      44 |   0.0 |       0 |      24 |   0.0 |  1387
           D:2 |       0 |     135 |   0.0 |       0 |      46 |   0.0 |  1031
           D:3 |       0 |       6 |   0.0 |       0 |       3 |   0.0 |    82
               +---------+---------+-------+---------+---------+-------+---------
